 Dungeon Crawl Stone Soup version 0.28.0-53-g5a82cb258f (webtiles) character file.

Game seed: 16494074975673238115

48 DildoBatman the Conjurer (level 4, -5/30 HPs)
             Began as a Formicid Conjurer on May 23, 2022.
             Killed by nerve-wracking pain
             ... invoked by Jessica
              (8 damage)
             ... on level 3 of the Dungeon.
             The game lasted 00:04:55 (1599 turns).

DildoBatman the Conjurer (Formicid Conjurer)        Turns: 1599, Time: 00:04:56

Health: -5/30      AC:  4    Str: 12    XL:     4   Next: 0%
Magic:  7/7        EV: 12    Int: 17    God:
Gold:   77         SH:  0    Dex: 11    Spells: 4/7 levels left

rFire   . . .      SeeInvis +   m - +0 short sword
rCold   . . .      Faith    .   (no shield)
rNeg    . . .      Spirit   .   a - +0 robe
rPois   .          Reflect  .   (helmet unavailable)
rElec   .          Harm     .   (no cloak)
rCorr   .          Rampage  .   l - +0 pair of gloves
Will    .....                   k - +0 pair of boots
Stlth   ++........              (no amulet)
HPRegen 0.10/turn               (no ring)
MPRegen 0.10/turn               (no ring)

@: no status effects
A: permanent stasis, dig shafts and tunnels, antennae 3, four strong arms
a: Dig, Shaft Self


You were on level 3 of the Dungeon.
You visited 1 branch of the dungeon, and saw 3 of its levels.

You collected 77 gold pieces.

Inventory:

Hand Weapons
 c - a +0 club
 e - a +0 dagger
 m - a +0 short sword (weapon)
Missiles
 b - 29 sling bullets
 f - 53 stones
Armour
 a - a +0 robe (worn)
 k - a +0 pair of boots (worn)
 l - a +0 pair of gloves (worn)
Scrolls
 d - a scroll of summoning {unknown}
 g - 3 scrolls of identify {unknown}
 h - a scroll of silence {unknown}
 j - a scroll of immolation {unknown}
Potions
 i - a potion of berserk rage {unknown}


   Skills:
 - Level 1.7 Dodging
 - Level 2.4 Stealth
 - Level 2.1 Spellcasting
 * Level 4.8 Conjurations


You had 4 spell levels left.
You knew the following spells:

 Your Spells              Type           Power      Damage    Failure   Level
a - Searing Ray           Conj           36%        2d5       4%          2
c - Magic Dart            Conj           72%        1d6       2%          1

Your spell library contained the following spells:

 Spells                   Type           Power      Damage    Failure   Level
 Dazzling Flash           Conj/Hex       20%        N/A       22%         3
 Sublimation of Blood     Necr           1%         N/A       28%         2
 Wereblood                Tmut           1%         N/A       28%         2
 Fulminant Prism          Conj/Hex       5%         3d7       56%         4
 Iskenderun's Mystic Bla  Conj/Tloc      10%        2d4       56%         4
 Summon Hydra             Summ           0%         N/A       100%        7


Dungeon Overview and Level Annotations

Branches:
Dungeon (3/15)

Altars:

Shops:
D:2 :=

Annotations:
D:3 Jessica


Innate Abilities, Weirdness & Mutations

You cannot be hasted, slowed, berserked, paralysed or teleported.
You can dig through walls and to a lower floor.
You have a pair of large antennae on your head. (SInv)
Your four strong arms can wield two-handed weapons with a shield.


Message History

r - Retreat! s - Stop attacking. g - Guard the area. f - Follow me.
Anything else - Cancel.
You shout for attention!
What are your orders? t - Shout!
Orders for allies: a - Attack new target. r - Retreat! s - Stop attacking. g - Guard the area. f - Follow me.
Anything else - Cancel.
You shout for attention!
Jessica grins evilly.
What are your orders? t - Shout!
Orders for allies: a - Attack new target. r - Retreat! s - Stop attacking. g - Guard the area. f - Follow me.
Anything else - Cancel.
You shout for attention!
Jessica says, "Why did you come here?" What are your orders? t - Shout!
Orders for allies: a - Attack new target. r - Retreat! s - Stop attacking. g - Guard the area. f - Follow me.
Anything else - Cancel.
You shout for attention!
Jessica shouts, "I don't like beings like you!"
Jessica casts a spell.
Jessica blinks!
What are your orders? t - Shout!
Orders for allies: a - Attack new target. r - Retreat! s - Stop attacking. g - Guard the area. f - Follow me.
Anything else - Cancel.
You shout for attention!
Jessica gestures at you while chanting. Pain shoots through your body!
You die...

.###################..
.'..........@......+..
######†#.##..######..
#.#.<#.@.....#.#
#.#..#..####.#.#
#.##.#...# #.#.#######
#.#..#.#§# #.#........
#.#..#.#.###....#
#.#..#.#..#####.#
#.#..#.##.# #.#
...#.##.#####.####.#
..........{...>....#


You could see Jessica.

Vanquished Creatures
  A worm (D:2)
  A dart slug (D:2)
  4 ball pythons
  4 endoplasms
  5 giant cockroaches
  4 goblins
  4 hobgoblins
  A quokka (D:1)
  5 bats
  5 frilled lizards (D:1)
  A kobold (D:3)
  3 rats
38 creatures vanquished.

Vanquished Creatures (others)
  3 fungi (D:2)
  8 plants (D:2)
11 creatures vanquished.

Grand Total: 49 creatures vanquished

Notes
Turn   | Place    | Note
-------+----------+-------------------------------------------
     0 | D:1      | DildoBatman the Formicid Conjurer began the quest for the
                  | Orb.
     0 | D:1      | Reached XP level 1. HP: 13/13 MP: 3/3
   228 | D:1      | Reached XP level 2. HP: 17/19 MP: 1/5
   231 | D:1      | Learned a level 2 spell: Searing Ray
   248 | D:1      | Reached skill level 4 in Conjurations
   585 | D:1      | Reached XP level 3. HP: 14/24 MP: 1/6
  1072 | D:2      | Found Xayshro's Jewellery Shoppe.
  1091 | D:2      | Found Naid's Book Shoppe.
  1272 | D:2      | Found a faded altar of an unknown god.
  1528 | D:3      | Noticed Jessica
  1553 | D:3      | Reached XP level 4. HP: 30/30 MP: 3/7
  1585 | D:3      | HP: 1/30 [Jessica/+0 club (7)]
  1599 | D:3      | Killed from afar by Jessica

Illustrated notes

Levels and vault maps discovered:
D:1:      mainiacjoe_arrival_reflecting_pool, layout_basic, minivault_23
D:2:      layout_loops_ring, serial_shops, nicolae_shop_waterfront, shop_statue,
          shapermc_ecumenical_altar_mp_urbaneastern
D:3:      layout_basic, uniq_jessica, uniq_natasha

Skill      XL: |  1  2 |
---------------+-------+-----
Conjurations   | 4 |  4.8
Dodging        | |  1.7
Stealth        | |  2.4
Spellcasting   | |  2.1

Action                   |  1- 3 |  4- 6 || total
-------------------------+-------+-------++-------
Melee: Unarmed           |     4 |       ||     4
       Dagger            |    25 |       ||    25
       Club              |     5 |       ||     5
 Cast: Magic Dart        |    46 |       ||    46
       Searing Ray       |     6 |       ||     6
 Stab: Sleeping          |     3 |       ||     3
Armor: Robe              |     7 |     2 ||     9
Dodge: Dodged            |    21 |     7 ||    28
